[Event "Late-Titled-Tuesday-Blitz-September-19-2023"]
[Site "Chess.com"]
[Date "2023.09.19"]
[Round "4"]
[White "Angry_Twin"]
[Black "johnathan113"]
[Result "1-0"]
[WhiteElo "2952"]
[BlackElo "2721"]
[TimeControl "180+1"]
[EndTime "14:36:53 PDT"]
[Termination "Angry_Twin won on time"]

1. e4 c5 2. Nf3 g6 3. d4 cxd4 4. Nxd4 Bg7 5. c4 Nc6 6. Be3 Qb6 7. Nb3 Qd8 8. Nc3 d6 9. f3 Bxc3+ 10. bxc3 Nf6 11.
Qd2 b6 12. Bg5 O-O 13. Rd1 Ba6 14. Bxf6 exf6 15. Qxd6 Ne5 16. Qd4 Qc7 17. Qd6 Rac8 18. Qxc7 Rxc7 19. c5 Bxf1 20. Rxf1 bxc5 21. Ke2 Rb8 22.
Rd2 c4 23. Nd4 Rc5 24. Nc2 Rb2 25. f4 Nd3 26. Ne3 Rxd2+ 27. Kxd2 Kg7 28. Nxc4 Nxf4 29. Nd6 Ne6 30. Ne8+ 1-0

[Event "Late-Titled-Tuesday-Blitz-September-19-2023"]
[Site "Chess.com"]
[Date "2023.09.19"]
[Round "4"]
[White "Nf3c5"]
[Black "PapaieDudu"]
[Result "1-0"]
[WhiteElo "2539"]
[BlackElo "2371"]
[TimeControl "180+1"]
[EndTime "14:36:53 PDT"]
[Termination "Nf3c5 won by resignation"]

1. d4 d5 2. Nf3 Nf6 3. Bg5 e6 4. Nbd2 b6 5. e3 Bb7 6. Bb5+ c6 7.
Bd3 Bd6 8. Ne5 Nbd7 9. f4 c5 10. c3 h6 11. Bh4 g5 12. Bg3 Ne4 13. Nxe4 dxe4 14. Bb5 Bxe5 15. fxe5 a6 16. Be2 Nf8 17. Bh5 Qe7 18. O-O Ng6 19. Qb3 b5 20. a4 Bd5 21.
Qc2 O-O 22. Rf6 Kg7 23. Qf2 cxd4 24. exd4 bxa4 25. h4 Rab8 26. hxg5 hxg5 27. Qe3 Kh6 28. Bh4 Kg7 29. Qxg5 Rfe8 30. Raf1 Rb7 31. Rxf7+ Qxf7 32. Rxf7+ Rxf7 33. Qxg6+ 1-0

[Event "Late-Titled-Tuesday-Blitz-September-19-2023"]
[Site "Chess.com"]
[Date "2023.09.19"]
[Round "4"]
[White "Bauman_Guy"]
[Black "bipe137"]
[Result "1-0"]
[WhiteElo "2900"]
[BlackElo "2557"]
[TimeControl "180+1"]
[EndTime "14:36:54 PDT"]
[Termination "Bauman_Guy won by resignation"]

1. e4 c5 2. Nf3 e6 3. d4 cxd4 4.
Nxd4 Nc6 5. Nc3 Nf6 6. Ndb5 d6 7. Bf4 e5 8. Bg5 a6 9. Na3 Be6 10. Nc4 Rb8 11. Ne3 Be7 12. Nf5 Bxf5 13. exf5 Nd4 14.
Bd3 d5 15. Ne2 Nxe2 16. Bxe2 Ne4 17. Bxe7 Kxe7 18. O-O Re8 19. c4 Nf6 20. cxd5 Qxd5 21. Qe1 Kf8 22. Qb4+ Kg8 23. Rfd1 Qe4 24. Qxe4 Nxe4 25.
f3 Nf6 26. Rac1 Kf8 27. Kf2 Red8 28. g4 Rxd1 29. Rxd1 Ke7 30. Bc4 Ne8 31. Bb3 f6 32. Bg8 h6 33. Kg3 Nd6 34. Be6 b5 35. Kh4 Rb7 36.
Rc1 g6 37. Bd5 g5+ 38. Kh5 Rd7 39. Be6 Rb7 40. Kxh6 e4 41. fxe4 Nf7+ 42. Bxf7 Kxf7 43.
e5 Rb8 44. Rc7+ 1-0

[Event "Late-Titled-Tuesday-Blitz-September-19-2023"]
[Site "Chess.com"]
[Date "2023.09.19"]
[Round "4"]
[White "Zapateado"]
[Black "djano"]
[Result "0-1"]
[WhiteElo "2419"]
[BlackElo "2625"]
[TimeControl "180+1"]
[EndTime "14:36:54 PDT"]
[Termination "djano won by resignation"]

1. c4 e6 2. e4 d5 3. cxd5 exd5 4.
exd5 Nf6 5. Bb5+ Nbd7 6. Nc3 a6 7. Be2 Nb6 8. Nf3 Nbxd5 9. O-O Be7 10. d4 O-O 11.
Re1 Bf5 12. Bc4 Nb4 13. Re2 Bg4 14. Re1 Bxf3 15. Qxf3 Nc2 16. Be3 c6 17. Rad1 Nxe1 18. Rxe1 Qd7 19. Bd3 Qg4 20. Qxg4 Nxg4 21. Bf4 Rfe8 22.
Bf5 Bg5 23. Rd1 Nxf2 24. Kxf2 Bxf4 25. g3 Bd6 26. Ne4 Rad8 27. Nxd6 Rxd6 28. Bc2 Red8 29.
Re1 Rxd4 30. Bb3 R4d7 31. Re4 Kf8 32. h4 Re7 33. Rf4 c5 34. g4 Rd4 35. Rf5 c4 36.
Ba4 b5 37. Bc2 Rd2+ 0-1

[Event "Late-Titled-Tuesday-Blitz-September-19-2023"]
[Site "Chess.com"]
[Date "2023.09.19"]
[Round "4"]
[White "NotFischer"]
[Black "2346PL"]
[Result "0-1"]
[WhiteElo "2258"]
[BlackElo "2479"]
[TimeControl "180+1"]
[EndTime "14:36:58 PDT"]
[Termination "2346PL won by checkmate"]

1. e4 d6 2. d4 Nf6 3. Nc3 e5 4. Nf3 Nbd7 5. g3 Be7 6. Bg2 O-O 7. O-O c6 8. a4 a5 9. h3 Re8 10. Re1 Qc7 11. Be3 Bf8 12. Kh2 b6 13. d5 cxd5 14.
Nxd5 Nxd5 15. exd5 h6 16. Nh4 g6 17. Qd2 Kh7 18.
g4 Bg7 19. g5 hxg5 20. Bxg5 f6 21. Be3 f5 22. f4 e4 23. Bd4 Bxd4 24. Qxd4 Qc5 25.
Qd2 Nf6 26. Rad1 Bd7 27. b3 Rac8 28. c4 Nh5 29. Nxg6 Kxg6 30. Rg1 Kh6 31. Bxe4 Rxe4 32. Rg5 Nxf4 33. Rg2 Rg8 34. Rdg1 Rxg2+ 35. Rxg2 Kh7 36. Qd1 Qe3 37. h4 Qh3+ 38. Kg1 Qxg2# 0-1

[Event "Late-Titled-Tuesday-Blitz-September-19-2023"]
[Site "Chess.com"]
[Date "2023.09.19"]
[Round "4"]
[White "Pingah9"]
[Black "hurricane7791"]
[Result "1-0"]
[WhiteElo "2546"]
[BlackElo "2701"]
[TimeControl "180+1"]
[EndTime "14:36:59 PDT"]
[Termination "Pingah9 won by resignation"]

1. e4 c5 2. Nc3 Nc6 3. g3 g6 4. Bg2 Bg7 5. d3 d6 6. Be3 Rb8 7. a4 a6 8. Qd2 b5 9. axb5 axb5 10. Nge2 b4 11. Nd1 Bg4 12. h3 Bxe2 13. Qxe2 Nf6 14. c3 O-O 15. O-O Nd7 16. Qd2 Qb6 17. Bh6 bxc3 18.
bxc3 Bxh6 19. Qxh6 Nde5 20. Qe3 Qb5 21. d4 Nc4 22.
Qd3 cxd4 23. cxd4 Nb4 24. Qe2 Rfc8 25. Nc3 Qb6 26. Rfd1 e6 27. Rac1 Na3 28. h4 h5 29. g4 hxg4 30. Qxg4 Kf8 31. h5 gxh5 32. Qxh5 Nbc2 33. Ne2 Qb5 34. Qh6+ Ke7 35. Ng3 Rh8 36. Qd2 Rbc8 37. d5 Qb4 38. Qg5+ Kd7 39. dxe6+ fxe6 40.
Qg7+ Kc6 41. Qf6 Kb6 42. Qxe6 Nd4 43. Qd5 Rxc1 44. Rxc1 Rg8 45. Qxg8 1-0

[Event "Late-Titled-Tuesday-Blitz-September-19-2023"]
[Site "Chess.com"]
[Date "2023.09.19"]
[Round "4"]
[White "miraitrunks"]
[Black "HalfIsCrayfish"]
[Result "0-1"]
[WhiteElo "2138"]
[BlackElo "2568"]
[TimeControl "180+1"]
[EndTime "14:36:59 PDT"]
[Termination "HalfIsCrayfish won by resignation"]

1. e4 c5 2. c3 e6 3. d4 cxd4 4. cxd4 d5 5. e5 Nc6 6. Nf3 Bd7 7. Nc3 Qb6 8. Bd3 Nxd4 9. Nxd4 Qxd4 10. Qe2 Bb4 11. O-O Ne7 12. Bg5 Ng6 13. Rfd1 Qxe5 14. Qg4 Bxc3 15. bxc3 O-O 16. h4 f5 17. Qb4 Bc6 18. Re1 Qc7 19. Rxe6 Rae8 20. Rae1 Rxe6 21. Rxe6 Qf7 22. Re2 Re8 23. Rxe8+ Bxe8 24. c4 Ne5 25. Bc2 Nxc4 26. Qc5 h6 27. Bd8 a6 28. g3 Bc6 29.
Qxd5 Qxd5 0-1

[Event "Late-Titled-Tuesday-Blitz-September-19-2023"]
[Site "Chess.com"]
[Date "2023.09.19"]
[Round "4"]
[White "Lady_Nika"]
[Black "Ramosha"]
[Result "1-0"]
[WhiteElo "2471"]
[BlackElo "2625"]
[TimeControl "180+1"]
[EndTime "14:37:00 PDT"]
[Termination "Lady_Nika won by resignation"]

1. c4 d5 2. cxd5 Qxd5 3. Nc3 Qd8 4. Nf3 c6 5. g3 Nf6 6. Bg2 g6 7. O-O Bg7 8. d3 O-O 9. Bg5 Re8 10. Bxf6 Bxf6 11. Qc2 Na6 12. a3 Nc7 13. Rad1 Be6 14. d4 Bg7 15. e4 Qc8 16. Ng5 Bc4 17. Rfe1 Rd8 18. Bh3 Qb8 19. e5 h6 20. Nce4 Bd5 21.
Nf3 e6 22. Bg2 Ne8 23. b4 a5 24. Nc5 axb4 25. axb4 b6 26. Ne4 Nc7 27. Nd6 Bf8 28.
Ne4 Bg7 29. Nf6+ Bxf6 30. exf6 Nb5 31. Qc1 Kh7 32. Ne5 Bxg2 33. Nxf7 g5 34. Qc2+ Kg8 35. Qg6+ Kf8 36. Qg7+ Ke8 37. Rxe6+ Kd7 38. Nxg5+ Kc8 39.
Kxg2 Nd6 40. Ne4 Ra7 41. Nxd6+ Rxd6 42. Re8+ Rd8 43. Rxd8+ Kxd8 44. Qf8+ Kc7 45. Qxh6 Qe8 46. Qf4+ Kc8 47. d5 Rd7 48. Ra1 Kb7 49. dxc6+ Kxc6 50. Qc4+ Kb7 51. Qa6+ Kc7 52. Rc1+ Kb8 53. Qxb6+ Rb7 54.
Qd6+ Ka8 55. Ra1+ Ra7 56. Rxa7+ Kxa7 57. Qe7+ Qxe7 58. fxe7 1-0

[Event "Late-Titled-Tuesday-Blitz-September-19-2023"]
[Site "Chess.com"]
[Date "2023.09.19"]
[Round "4"]
[White "Taran2004"]
[Black "FrancescoSorcinelli"]
[Result "1-0"]
[WhiteElo "2431"]
[BlackElo "2128"]
[TimeControl "180+1"]
[EndTime "14:37:04 PDT"]
[Termination "Taran2004 won by resignation"]

1. e4 g6 2. d4 Bg7 3. Nf3 d6 4. Nc3 a6 5. Be3 b5 6. a4 b4 7. Ne2 Bb7 8. Ng3 Nf6 9. Bd3 O-O 10.
h4 Ng4 11. Bf4 e5 12. dxe5 Nxe5 13. Nxe5 dxe5 14. Bg5 Bf6 15. Bh6 Bg7 16. Qd2 Nc6 17. h5 Qf6 18. O-O-O Rad8 19. Bg5 Qe6 20. Bxd8 Rxd8 21.
b3 a5 22. Qg5 Rd4 23. Nf5 gxf5 24. h6 Qg6 25. Qxg6 hxg6 26. hxg7 fxe4 27. Bc4 Kxg7 28. Rhe1 f5 29. Rxd4 exd4 30. Bd5 Kf6 31. f3 Ke5 32. fxe4 f4 33. Rh1 Nd8 34. Bxb7 Nxb7 35. Rh7 Nc5 36.
Rxc7 Nxe4 37. Re7+ Kf5 38. Ra7 g5 39. Rxa5+ Kg4 40. Re5 Nc3 41. a5 Kg3 42. Rxg5+ Kf2 43. a6 d3 44. cxd3 1-0

[Event "Late-Titled-Tuesday-Blitz-September-19-2023"]
[Site "Chess.com"]
[Date "2023.09.19"]
[Round "4"]
[White "Harald_Schmidt"]
[Black "Mops_2004"]
[Result "1/2-1/2"]
[WhiteElo "2330"]
[BlackElo "2799"]
[TimeControl "180+1"]
[EndTime "14:37:06 PDT"]
[Termination "Game drawn by agreement"]

1. e4 g6 2. d4 Bg7 3. Nc3 d6 4. f4 Nf6 5. Nf3 c5 6. dxc5 Qa5 7. Bd2 Qxc5 8. Bb5+ Nc6 9. Qe2 O-O 10. a3 Bg4 11. Be3 Qh5 12. h3 Bxf3 13. Qxf3 Qxf3 14. gxf3 Nh5 15.
Nd1 Nd4 16. Bxd4 Bxd4 17. f5 gxf5 18. exf5 Ng3 19. Rh2 Nxf5 20. Bd3 Nh4 21. Ke2 Ng6 22. c3 Be5 23. Rh1 Nf4+ 24. Kd2 Nxd3 25. Kxd3 f5 26. Ne3 e6 27. Nc4 Bf4 28. Rae1 Kf7 29. Na5 b6 30.
Nc6 Rg8 31. Rhg1 Bh2 32. Rxg8 Rxg8 33. Nxa7 Rg3 34. Ke3 e5 35. Nc8 e4 36. Rf1 Rxh3 37. Nxb6 Ke6 38. a4 d5 39. a5 Bc7 40. Ke2 f4 41. c4 Rh2+ 42. Rf2 Rxf2+ 43. Kxf2 e3+ 44. Ke2 dxc4 45. Nxc4 Kd5 46. Nxe3+ fxe3 47. Kxe3 Bxa5 1/2-1/2

[Event "Late-Titled-Tuesday-Blitz-September-19-2023"]
[Site "Chess.com"]
[Date "2023.09.19"]
[Round "4"]
[White "Deeper44"]
[Black "tdf98pantani"]
[Result "0-1"]
[WhiteElo "2520"]
[BlackElo "2712"]
[TimeControl "180+1"]
[EndTime "14:37:07 PDT"]
[Termination "tdf98pantani won on time"]

1. d4 Nf6 2. c4 g6 3. g3 Bg7 4.
Bg2 O-O 5. Nf3 d6 6. O-O Nbd7 7. Qc2 e5 8. Rd1 Re8 9. Nc3 a6 10. dxe5 dxe5 11. c5 Qe7 12. b4 a5 13. Bg5 axb4 14.
Nd5 Qd8 15. c6 bxc6 16. Qxc6 Ra6 17. Qxc7 e4 18. Qxd8 Rxd8 19. Nxf6+ Bxf6 20. Bxf6 Rxf6 21. Ne5 Re6 22. Nc4 Ba6 23. Rac1 Rc8 24. Rxd7 Rxc4 25. Rxc4 Bxc4 26. Rd4 Bxe2 27. Rxb4 Bd3 28. a4 f5 29. h3 Rc6 30. Kh2 Rc2 31. Kg1 Ra2 32. Rb8+ Kg7 33. Rb7+ Kh6 34. Rb4 Kg5 35. g4 Kf4 36. gxf5 gxf5 37. h4 h5 38. Rd4 Kg4 39. Rb4 Kxh4 40. f3 Kg3 0-1

[Event "Late-Titled-Tuesday-Blitz-September-19-2023"]
[Site "Chess.com"]
[Date "2023.09.19"]
[Round "4"]
[White "slorovel"]
[Black "dzilleruelo"]
[Result "1-0"]
[WhiteElo "2502"]
[BlackElo "2334"]
[TimeControl "180+1"]
[EndTime "14:37:07 PDT"]
[Termination "slorovel won on time"]

1. e4 c6 2. d4 d5 3. e5 c5 4. c4 cxd4 5. Nf3 Nc6 6. Nxd4 e6 7. Nxc6 bxc6 8. Nc3 Bb4 9. cxd5 Bxc3+ 10. bxc3 exd5 11. Bd3 Ne7 12. Qh5 g6 13. Qh6 Bf5 14. Be2 Qc7 15. Bf4 Qd7 16. O-O Bg4 17. f3 Be6 18. Bg5 Nf5 19. Qh3 Ne3 20. Qg3 Nxf1 21. Rxf1 h6 22. Bf6 Rh7 23. f4 Rb8 24. h4 Bf5 25. h5 Rb1 26.
Rxb1 Bxb1 27. hxg6 Bxg6 28. Bg4 Qb7 29. f5 Qb1+ 30. Kh2 Bxf5 31. Bxf5 Qxf5 32. Qg8+ Kd7 33. Qb8 Qh5+ 34. Kg1 Qd1+ 35. Kf2 Qd2+ 36. Kf3 Qd3+ 37.
Kf4 Qe4+ 38. Kg3 Qe3+ 39. Kh2 Qf4+ 40. Kh3 Qe3+ 41. g3 Rh8 42. Qd6+ Kc8 43. Qxc6+ Kb8 44. Qd6+ Ka8 45. Qxd5+ Kb8 46. Bxh8 Qg5 47. Qd6+ Kb7 48.
Qd7+ Kb6 49. Qg4 Qd2 50. Qd4+ 1-0

[Event "Late-Titled-Tuesday-Blitz-September-19-2023"]
[Site "Chess.com"]
[Date "2023.09.19"]
[Round "4"]
[White "louis198"]
[Black "Chessdreamer2020"]
[Result "0-1"]
[WhiteElo "2671"]
[BlackElo "2531"]
[TimeControl "180+1"]
[EndTime "14:37:08 PDT"]
[Termination "Chessdreamer2020 won by checkmate"]

1. d4 d6 2. Bf4 g6 3. e3 Bg7 4.
Nf3 Nd7 5. h3 e5 6. Bh2 Qe7 7.
Be2 Nh6 8. O-O O-O 9. c4 c6 10. Nc3 f5 11. Rc1 Nf7 12. b4 e4 13. Nd2 g5 14. a4 Nf6 15. c5 d5 16. b5 Be6 17.
a5 g4 18. a6 gxh3 19. gxh3 Ng5 20. Kg2 f4 21. Bxf4 Bxh3+ 22. Kh1 Bxf1 23. Qxf1 h6 24. Bd6 Qd7 25. axb7 Qxb7 26. bxc6 Qxc6 27. Bb5 Qc8 28.
Bxf8 Bxf8 29. Qg2 Qf5 30. Ba6 Kh7 31. c6 Bd6 32. Nb5 Nf3 33. Nxf3 exf3 34. Nxd6 fxg2+ 35.
Kxg2 Rg8+ 36. Kf1 Qf3 37. Rc2 Rg2 38. c7 Ng4 39. Bd3+ Kg7 40. Nf5+ Kf6 41. c8=Q Rxf2+ 42. Ke1 Qh1+ 43. Bf1 Qxf1# 0-1

[Event "Late-Titled-Tuesday-Blitz-September-19-2023"]
[Site "Chess.com"]
[Date "2023.09.19"]
[Round "4"]
[White "Championnn-9"]
[Black "rychessmaster1"]
[Result "0-1"]
[WhiteElo "2500"]
[BlackElo "2736"]
[TimeControl "180+1"]
[EndTime "14:37:10 PDT"]
[Termination "rychessmaster1 won on time"]

1. d4 Nf6 2. c4 e6 3. a3 b6 4. Nc3 Bb7 5. Qc2 d5 6. e3 Be7 7. Nf3 O-O 8. Be2 c5 9. O-O cxd4 10.
Nxd4 Nbd7 11. Rd1 Rc8 12. b3 Qc7 13. Bb2 Rfd8 14. Rac1 Qb8 15. Qb1 h6 16. cxd5 Nxd5 17. Nxd5 Bxd5 18. Qa1 Bf6 19. Ba6 Rxc1 20. Rxc1 Nc5 21.
Bf1 Bxd4 22. Bxd4 Nxb3 23. Qb2 Nxd4 24. exd4 Qf4 25. Qc3 g6 26. Qc7 Qd6 27. Rc3 Kg7 28. h3 Rd7 29. Qc8 Bb7 30. Qe8 Rc7 31. Rg3 Qxd4 32.
Qb5 Rc1 0-1

[Event "Late-Titled-Tuesday-Blitz-September-19-2023"]
[Site "Chess.com"]
[Date "2023.09.19"]
[Round "4"]
[White "temus_galaktionov"]
[Black "dropstoneDP"]
[Result "1/2-1/2"]
[WhiteElo "2837"]
[BlackElo "3034"]
[TimeControl "180+1"]
[EndTime "14:37:13 PDT"]
[Termination "Game drawn by repetition"]

1. d4 d5 2. Nf3 Nf6 3. c4 e6 4. Nc3 c5 5. cxd5 Nxd5 6. e4 Nxc3 7. bxc3 cxd4 8. cxd4 Bb4+ 9. Bd2 Bxd2+ 10. Qxd2 O-O 11. Bd3 Nc6 12. Qc3 Bd7 13. O-O Qa5 14. Qxa5 Nxa5 15.
Rfc1 Rfc8 16. Kf1 Kf8 17. Ke2 Ke7 18. Kd2 Rxc1 19. Rxc1 Rc8 20. Rxc8 Bxc8 21. Kc3 b6 22. d5 exd5 23. exd5 Nb7 24. Ne5 Bd7 25. Kd4 h6 26. h4 Be8 27. Nc6+ Bxc6 28. dxc6 Nc5 29. Bc4 f6 30. Kd5 Ne6 31. Ke4 g6 32. h5 Nc5+ 33.
Kf4 gxh5 34. Kf5 h4 35. Bb5 Kd6 36. f4 a6 37. Be2 Kxc6 38. Kxf6 b5 39. f5 Kd6 40.
Kg7 Ke5 41. f6 Ne6+ 42. Kf7 Nf4 43. Bf3 b4 44. Ke7 Ng6+ 45. Kf7 Nf4 46. Ke7 Ng6+ 47. Kf7 Nf4 1/2-1/2

[Event "Late-Titled-Tuesday-Blitz-September-19-2023"]
[Site "Chess.com"]
[Date "2023.09.19"]
[Round "4"]
[White "Garmendiarov"]
[Black "KejJaj"]
[Result "0-1"]
[WhiteElo "2333"]
[BlackElo "2216"]
[TimeControl "180+1"]
[EndTime "14:37:14 PDT"]
[Termination "KejJaj won by resignation"]

1. e4 c5 2. Nf3 d6 3. d4 cxd4 4. Nxd4 Nf6 5. Nc3 g6 6. Be3 Bg7 7. f3 O-O 8. Qd2 Nc6 9. O-O-O d5 10. exd5 Nxd5 11. Nxc6 bxc6 12. Bd4 Bxd4 13. Qxd4 Qb6 14. Nxd5 cxd5 15. Qxb6 axb6 16. a3 e6 17. Bb5 Ba6 18. Bxa6 Rxa6 19. Rd4 Rc8 20. Rhd1 Kf8 21. Kb1 Ke7 22.
R1d3 f6 23. f4 Rc5 24. b4 Rc8 25. Kb2 h5 26. Re3 Kd6 27. b5 Ra5 28. a4 Ra7 29.
Rc3 Rxc3 30. Kxc3 Rc7+ 31. Kb3 e5 32. fxe5+ fxe5 33. Rd1 e4 34. a5 bxa5 35. Ka4 Rxc2 36. Kxa5 e3 37. Kb6 e2 38. Re1 d4 39. Ka7 d3 40. b6 d2 41. Rxe2 d1=Q 42. Re8 Qa1+ 43. Kb8 Rb2 44. b7 Qa6 45. Rd8+ Ke7 0-1

[Event "Late-Titled-Tuesday-Blitz-September-19-2023"]
[Site "Chess.com"]
[Date "2023.09.19"]
[Round "4"]
[White "Sacbutt"]
[Black "victormago"]
[Result "0-1"]
[WhiteElo "2367"]
[BlackElo "2526"]
[TimeControl "180+1"]
[EndTime "14:37:16 PDT"]
[Termination "victormago won by resignation"]

1. d4 Nf6 2. c4 c5 3. d5 e6 4. Nc3 exd5 5. cxd5 d6 6. e4 g6 7. f4 Bg7 8. Bb5+ Nfd7 9. Nf3 O-O 10. a4 Na6 11.
O-O Nb4 12. Re1 a6 13. Bf1 Nf6 14. h3 Re8 15. Nd2 Nh5 16. Nc4 Bd4+ 17. Kh2 Bf2 18. Re2 Bg3+ 19. Kg1 Bxf4 20. Bxf4 Nxf4 21. Rf2 Nh5 22.
a5 Rb8 23. Qf3 Rf8 24. g4 Ng7 25. Qf4 Ne8 26. e5 dxe5 27. Nxe5 Nd6 28. Rd1 f5 29. Nc4 Nxc4 30. Bxc4 Bd7 31. d6+ Kg7 32. Qe5+ Qf6 33. Qxc5 Nc6 34. Nd5 Qe5 35. Qa3 fxg4 36. Ne7 Rxf2 37. Kxf2 Rf8+ 38. Kg1 gxh3 39. Qxh3 Bxh3 0-1

[Event "Late-Titled-Tuesday-Blitz-September-19-2023"]
[Site "Chess.com"]
[Date "2023.09.19"]
[Round "4"]
[White "talaicito"]
[Black "Lion_DL"]
[Result "1-0"]
[WhiteElo "2178"]
[BlackElo "2428"]
[TimeControl "180+1"]
[EndTime "14:37:16 PDT"]
[Termination "talaicito won by resignation"]

1. d4 Nf6 2. Nc3 d5 3. Bf4 c5 4.
e3 cxd4 5. exd4 a6 6. Nf3 Nc6 7. Ne5 e6 8. Be2 Bb4 9. O-O Bxc3 10. bxc3 Ne4 11. Qd3 O-O 12. c4 f5 13. f3 dxc4 14.
Qxc4 Qxd4+ 15. Qxd4 Nxd4 16. Bd3 Nc3 17. Rfe1 Nd5 18.
Bd2 Nc6 19. Nxc6 bxc6 20. Rab1 Kf7 21. a4 Ke7 22. c4 Nf6 23. Bb4+ Kf7 24. Bxf8 Kxf8 25.
Rb6 Bd7 26. a5 c5 27. Rd6 Ke7 28. Rb6 Ne8 29. Bxf5 Nd6 30. Bd3 Nc8 31. Rb7 g6 32.
Be4 Nd6 33. Rxd7+ Kxd7 34. Bxa8 Nxc4 35. Rc1 Nxa5 36. Rxc5 Nb3 37. Rc3 Nd4 38. Rd3 e5 39. Bd5 Kd6 40. Bg8 Kc5 41. Bxh7 1-0

[Event "Late-Titled-Tuesday-Blitz-September-19-2023"]
[Site "Chess.com"]
[Date "2023.09.19"]
[Round "4"]
[White "Arystanner"]
[Black "mishanick"]
[Result "1-0"]
[WhiteElo "2802"]
[BlackElo "3097"]
[TimeControl "180+1"]
[EndTime "14:37:17 PDT"]
[Termination "Arystanner won on time"]

1. d4 Nf6 2. c4 e6 3. Nc3 Bb4 4.
Nf3 O-O 5. Bg5 d5 6. e3 h6 7. Bh4 c5 8. cxd5 exd5 9. Bd3 Nc6 10. O-O Be6 11. a3 cxd4 12. axb4 dxc3 13. bxc3 Qe7 14. b5 Nb8 15. Nd4 Nbd7 16. Bc2 Rfc8 17. Qd3 g5 18. Bg3 Ne4 19. Ne2 Qf6 20. f3 Nxg3 21. hxg3 Ne5 22.
Qh7+ Kf8 23. f4 Ng4 24. Nd4 Ke7 25. fxg5 Qxg5 26. Nxe6 Qxe3+ 27. Kh1 Nf2+ 28. Kh2 Rxc3 29. Qg7 Rxc2 30. Rae1 Re2 31. Nd4 Ne4 32. Nf5+ 1-0

[Event "Late-Titled-Tuesday-Blitz-September-19-2023"]
[Site "Chess.com"]
[Date "2023.09.19"]
[Round "4"]
[White "MKlose11"]
[Black "ProfessorChess101"]
[Result "1-0"]
[WhiteElo "2589"]
[BlackElo "2435"]
[TimeControl "180+1"]
[EndTime "14:37:17 PDT"]
[Termination "MKlose11 won by resignation"]

1. e4 c5 2. Nc3 a6 3. g3 b5 4. Bg2 Bb7 5. d3 e6 6. Nh3 Nc6 7. O-O Qb6 8. Be3 Nf6 9. f4 Be7 10. e5 Ng8 11. Ne4 O-O-O 12. a3 f5 13. Nd6+ Bxd6 14.
exd6 Nd4 15. Bxb7+ Kxb7 16. c3 Nh6 17. cxd4 cxd4 18.
Qf3+ Kb8 19. Bd2 Rc8 20. Rac1 Ng4 21. Nf2 Ne3 22. Rfe1 Nd5 23. Qe2 h5 24. Qe5 h4 25.
Rxc8+ Rxc8 26. Rc1 Rxc1+ 27. Bxc1 hxg3 28. hxg3 Qc5 29.
Qe1 Qxd6 30. Qe5 Qxe5 31. fxe5 Kc7 32. Nh3 d6 33. Nf4 dxe5 34. Nxe6+ Kb6 35. Nxg7 f4 36. gxf4 exf4 37. Nf5 b4 38. Nxd4 bxa3 39. bxa3 Kc5 40. Nc2 Nc3 41. Kf2 Kd5 42. Kf3 Na4 43. Bxf4 Nc5 44.
Ke3 Nb3 45. Bg3 Nc5 46. Be1 Nb3 47. Nb4+ Kc5 48. Nxa6+ Kb5 49. Nb4 Ka4 50. Nc2 Nc5 51. Bb4 Ne6 52. d4 Nc7 53. Ke4 Kb3 54. Ne3 Nb5 55. d5 Ka4 56. d6 Na7 57. Kd5 Nc6 58. Kxc6 1-0

[Event "Late-Titled-Tuesday-Blitz-September-19-2023"]
[Site "Chess.com"]
[Date "2023.09.19"]
[Round "4"]
[White "Ready4abattle"]
[Black "Dr_crypt"]
[Result "1-0"]
[WhiteElo "2332"]
[BlackElo "2429"]
[TimeControl "180+1"]
[EndTime "14:37:17 PDT"]
[Termination "Ready4abattle won on time"]

1. e4 d5 2. exd5 Qxd5 3. Nc3 Qd6 4. d4 c6 5. Nf3 Bg4 6. Be3 e6 7. h3 Bxf3 8. Qxf3 Qc7 9. O-O-O Nf6 10. Bd3 Nbd7 11.
Rhe1 Bb4 12. Bd2 O-O-O 13. Re2 Rhf8 14. a3 Bd6 15. Ne4 Nxe4 16. Qxe4 Nf6 17. Qh4 h6 18. c4 Be7 19. f3 Qb6 20. c5 Qb3 21. Bc2 Qc4 22. Qf2 Rxd4 23. Bc3 Rxd1+ 24. Kxd1 Bxc5 25. Qg3 Rd8+ 26. Ke1 Qa2 27. b4 Bd4 28. Bxd4 Rxd4 29. Qxg7 Qa1+ 30. Kf2 Rd2 31. Qf8+ Kc7 32. Rxd2 1-0

[Event "Late-Titled-Tuesday-Blitz-September-19-2023"]
[Site "Chess.com"]
[Date "2023.09.19"]
[Round "4"]
[White "RIPOL"]
[Black "tomobeast"]
[Result "1-0"]
[WhiteElo "2416"]
[BlackElo "2249"]
[TimeControl "180+1"]
[EndTime "14:37:19 PDT"]
[Termination "RIPOL won on time"]

1. d4 Nf6 2. Bg5 e6 3. e4 h6 4.
Bxf6 Qxf6 5. c3 g6 6. Bd3 Bg7 7.
Ne2 b6 8. O-O Bb7 9. f4 O-O 10.
Nd2 d6 11. a4 Nd7 12. a5 Qe7 13. Nf3 e5 14. fxe5 dxe5 15. d5 f5 16. b4 c6 17. a6 cxd5 18. axb7 Rab8 19. exd5 e4 20. Bc4 Qf7 21. Nfd4 Rxb7 22. Bb3 Kh7 23. Nc6 Rc8 24. Ned4 Ne5 25. Nxe5 Bxe5 26. Rc1 Qf6 27. Qd2 Rbc7 28. Nc6 Bd6 29. c4 Re8 30. c5 bxc5 31.
bxc5 e3 32. Qe2 Bf8 33. Ba4 f4 34. d6 1-0

[Event "Late-Titled-Tuesday-Blitz-September-19-2023"]
[Site "Chess.com"]
[Date "2023.09.19"]
[Round "4"]
[White "Tomytoteph"]
[Black "larsmandreassen"]
[Result "1-0"]
[WhiteElo "2582"]
[BlackElo "2222"]
[TimeControl "180+1"]
[EndTime "14:37:20 PDT"]
[Termination "Tomytoteph won by checkmate"]

1. e4 d5 2. exd5 Nf6 3. Nc3 Nxd5 4. Bc4 Nb6 5. Bb3 Nc6 6. Nf3 Bf5 7. O-O e6 8. d4 Na5 9. Na4 Nxb3 10. axb3 Be7 11. Ne5 Nxa4 12. Rxa4 O-O 13. Qf3 c6 14. c3 Bc2 15.
Qg3 Bxb3 16. Ra1 Bc2 17. f4 g6 18. Qf2 Be4 19. Re1 Bd5 20. Bd2 f6 21. Ng4 c5 22.
dxc5 a5 23. Be3 h5 24. Nh6+ Kg7 25. f5 g5 26. Rad1 Qc7 27. fxe6 Bxe6 28. Nf5+ Bxf5 29. Qxf5 Rad8 30. Bd4 Kh6 31. Re6 Rf7 32. h4 gxh4 33. Rde1 Rd7 34. Be3+ Kg7 35. Qxh5 Qg3 36. Bh6+ Kg8 37.
R6e4 Bxc5+ 38. Qxc5 h3 39. Re8+ Kh7 40. Qf5+ Kxh6 41.
Rh8+ Kg7 42. Qh7# 1-0

[Event "Late-Titled-Tuesday-Blitz-September-19-2023"]
[Site "Chess.com"]
[Date "2023.09.19"]
[Round "4"]
[White "TheMagician"]
[Black "Haykoooo0o"]
[Result "1-0"]
[WhiteElo "2247"]
[BlackElo "2453"]
[TimeControl "180+1"]
[EndTime "14:37:20 PDT"]
[Termination "TheMagician won by resignation"]

1. d4 d5 2. c4 e6 3. Nc3 Nf6 4.
Nf3 c6 5. e3 Bd6 6. Qd3 Nbd7 7.
e4 dxc4 8. Qxc4 e5 9. dxe5 Nxe5 10.
Nxe5 Bxe5 11. f3 Be6 12. Qb4 Qb6 13. Qxb6 axb6 14. Be3 b5 15. f4 Bxc3+ 16. bxc3 Nxe4 17. a3 O-O 18. Bd4 Bc4 19. Bxc4 bxc4 20. Ke2 b5 21. Rhc1 Rfd8 22. Rc2 c5 23. Be3 Rd3 24. Bd2 Re8 25.
Be1 Nxc3+ 26. Kf1 Na4 27. Rb1 Rb3 28. Rd1 Rxa3 29. Re2 Ra8 30. Rd7 h6 31. Ree7 Nb6 32. Rb7 Nd5 33. Rxf7 c3 34. Rxg7+ Kf8 35. Rgf7+ Ke8 36.
Rh7 Ne3+ 37. Ke2 1-0

[Event "Late-Titled-Tuesday-Blitz-September-19-2023"]
[Site "Chess.com"]
[Date "2023.09.19"]
[Round "4"]
[White "Nekoo04"]
[Black "Aariow"]
[Result "0-1"]
[WhiteElo "2334"]
[BlackElo "2516"]
[TimeControl "180+1"]
[EndTime "14:37:21 PDT"]
[Termination "Aariow won by checkmate"]

1. d4 d5 2. c4 e6 3. Nf3 Nf6 4. g3 Be7 5. Bg2 O-O 6. O-O c6 7. Qc2 b6 8. Bf4 Bb7 9. Rd1 Na6 10. a3 c5 11. Nc3 dxc4 12. dxc5 Qc8 13. cxb6 axb6 14.
Nb5 Nd5 15. Bd6 Qc6 16. Nfd4 Qe8 17. e4 Nf6 18. e5 Nd5 19. Qxc4 Rc8 20. Qe2 Nc5 21.
Bxe7 Qxe7 22. Nd6 Ba6 23. Nxc8 Rxc8 24. Qe1 Nd3 25. Qd2 Nxe5 26. Bxd5 exd5 27. Nf5 Nf3+ 28.
Kg2 Qe4 29. Qxd5 Ne1+ 30. Kh3 Bf1# 0-1

[Event "Late-Titled-Tuesday-Blitz-September-19-2023"]
[Site "Chess.com"]
[Date "2023.09.19"]
[Round "4"]
[White "Mimsychess"]
[Black "GMJustin"]
[Result "1-0"]
[WhiteElo "2367"]
[BlackElo "2248"]
[TimeControl "180+1"]
[EndTime "14:37:21 PDT"]
[Termination "Mimsychess won on time"]

1. e4 c5 2. Nf3 e6 3. d4 cxd4 4.
Nxd4 Nc6 5. Nc3 Qc7 6. Be3 a6 7. a3 b5 8. Nxc6 Qxc6 9. Bd3 Bb7 10. O-O Nf6 11. f4 b4 12. Ne2 bxa3 13. bxa3 Nxe4 14. Nd4 Qc7 15. f5 Nf6 16. fxe6 dxe6 17. Rb1 Bc5 18. Kh1 Nd5 19. Bg1 O-O 20. Qh5 g6 21. Qh6 Nc3 22. Nxe6 fxe6 23. Bxc5 Qxc5 24. Rxb7 1-0